 Dungeon Crawl Stone Soup version 0.26.1-2-gb8aa6d0cf2 (webtiles) character file.

Game seed: 16771901493458696246

1278 hawla the Conjurer (level 8, -3/57 HPs)
             Began as a Pale Draconian Conjurer on Feb 22, 2021.
             Was an Initiate of Ashenzari.
             Slain by Duvessa
             ... wielding a +1 rapier of protection
              (20 damage)
             ... on level 6 of the Dungeon.
             The game lasted 00:17:33 (7797 turns).

hawla the Conjurer (Pale Draconian Conjurer)        Turns: 7797, Time: 00:17:34

Health: -3/57      AC:  9    Str:  9    XL:     8   Next: 29%
Magic:  2/14       EV: 12    Int: 21    God:    Ashenzari [......]
Gold:   304        SH:  0    Dex: 16    Spells: 8/15 levels left

rFire    + . .     SeeInvis .   l - +1 whip
rCold    + . .     Faith    .   (no shield)
rNeg     . . .     Spirit   .   (armour unavailable)
rPois    +         Reflect  .   g - +2 hat
rElec    +         Harm     .   (no cloak)
rCorr    +         Rampage  .   h - +0 pair of gloves
Will     .....                  (no boots)
Stlth    ++........             (no amulet)
HPRegen  0.19/turn              e - ring of poison resistance
MPRegen  0.14/turn              b - +6 ring of dexterity

@: resistant, very slightly contaminated
A: breathe steam, unfitting armour, cold-blooded, AC +6
a: Breathe Steam, Renounce Religion, Curse Item


You were on level 6 of the Dungeon.
You worshipped Ashenzari.
Ashenzari was noncommittal.
You visited 2 branches of the dungeon, and saw 7 of its levels.

You collected 304 gold pieces.

Inventory:

Hand Weapons
 l - a +1 whip (weapon)
Missiles
 i - 8 boomerangs
 m - 48 poisoned darts (quivered)
Armour
 g - a +2 hat (worn)
 h - a +0 pair of gloves (worn)
Jewellery
 b - a +6 ring of dexterity (right hand)
 d - an uncursed ring of ice
 e - a ring of poison resistance (left hand)
 o - an uncursed ring of positive energy
 q - an uncursed ring of protection from fire
Scrolls
 f - 3 scrolls of identify
 k - 2 scrolls of magic mapping
 n - 7 scrolls of remove curse
 p - 2 scrolls of teleportation
 r - a scroll of enchant armour
 s - a scroll of fog
 u - a scroll of amnesia {unknown}
 v - a scroll of fear {unknown}
Potions
 a - 3 potions of degeneration
 j - a potion of brilliance


   Skills:
 - Level 1.7 Dodging
 - Level 1.7 Stealth
 + Level 4.2 Spellcasting
 + Level 7.6 Conjurations
 + Level 5.3 Translocations
 + Level 3.3 Fire Magic


You had 8 spell levels left.
You knew the following spells:

 Your Spells              Type           Power        Failure   Level
a - Magic Dart            Conj           100%         1%          1
b - Searing Ray           Conj           72%          1%          2
c - Iskenderun's Mystic   Conj/Tloc      31%          9%          4

Your spell library contained the following spells:

 Spells                   Type           Power        Failure   Level
 Dazzling Flash           Conj/Hex       40%          8%          3
 Fulminant Prism          Conj/Hex       10%          24%         4


Dungeon Overview and Level Annotations

Branches:
Dungeon (6/15)             Temple (1/1) D:6

Altars:
Ashenzari
Cheibriados
Dithmenos
Elyvilon
Fedhas
Gozag
Hepliaklqana
Kikubaaqudgha
Makhleb
Nemelex Xobeh
Okawaru
Qazlal
Ru
Sif Muna
Trog
Uskayaw
Vehumet
Wu Jian
Xom
Yredelemnul
Zin

Annotations:
D:3 tele
D:5 1 runed translucent door, kingbonesx's ghost, amateur FeMo
D:6 Duvessa


Innate Abilities, Weirdness & Mutations

You can breathe blasts of scalding, opaque steam.
Your pale cyan-grey scales are hard. (AC +6)
You cannot fit into any form of body armour.
You are cold-blooded and may be slowed by cold attacks.


Message History

You hit Duvessa.
Duvessa is heavily wounded.
Duvessa hits you with a +1 rapier of protection.
Duvessa barely misses you.
You hit Duvessa but do no damage.
You tail-slap Duvessa, but do no damage.
Duvessa is heavily wounded.
Duvessa hits you with a +1 rapier of protection!
You hit Duvessa.
Duvessa is severely wounded.
Duvessa misses you. Duvessa closely misses you.
You completely miss Duvessa.
You tail-slap Duvessa, but do no damage.
Duvessa is severely wounded.
Duvessa hits you with a +1 rapier of protection!
* * * LOW HITPOINT WARNING * * *
Okay, then.
You feel better.
Duvessa hits you with a +1 rapier of protection!!
You die...

##### #)######.### #...#
#.#....#.# #...#
#.##..##'####### # #..(#
#.##............ # #...#
#.##............ #######...#
#.##.#.......... '.....'...#
#.##.########### #######...#
#.##e# #######...# #.##@#
.....##...# #.##.#
.....###.## #.##.# .....#
#..# #.##.# ♣♣...# ##.#
#.##.# .♣♣..####.###.##.##
?.♣.............>.###########
..♣.....##.##.#.............#
..♣..##)##..#.#...#########.#


You could see Duvessa (berserk).

Vanquished Creatures
  Sigmund (D:5)
  2 sky beasts (D:6)
  A black bear (D:5)
  A phantom (D:6)
  An ogre (D:4)
  A scorpion (D:6)
  Dowan (D:6)
  3 hounds
  An orc priest (D:6)
  An iguana (D:5)
  6 orc wizards
  5 worker ants
  5 adders
  4 gnolls
  An ufetubus (D:5)
  2 oozes (D:3)
  An adder skeleton (D:5)
  An adder zombie (D:5)
  A worm (D:2)
  2 dart slugs
  7 leopard geckos
  4 orcs
  4 ball pythons
  7 giant cockroaches
  5 goblins
  11 hobgoblins
  6 kobolds
  3 quokkas
  10 bats
  3 frilled lizards
  A leopard gecko skeleton (D:4)
  A quokka zombie (D:5)
  11 rats
114 creatures vanquished.

Vanquished Creatures (others)
  12 plants (D:6)
12 creatures vanquished.

Grand Total: 126 creatures vanquished

Notes
Turn   | Place    | Note
-------+----------+-------------------------------------------
     0 | D:1      | hawla the Draconian Conjurer began the quest for the Orb.
     0 | D:1      | Reached XP level 1. HP: 14/14 MP: 3/3
   485 | D:1      | Reached XP level 2. HP: 20/20 MP: 3/5
   660 | D:1      | Learned a level 2 spell: Searing Ray
  1241 | D:2      | Reached XP level 3. HP: 26/26 MP: 0/7
  1772 | D:2      | Reached skill level 5 in Conjurations
  1773 | D:2      | Reached XP level 4. HP: 28/33 MP: 2/8
  1778 | D:2      | Learned a level 4 spell: Iskenderun's Mystic Blast
  2943 | D:3      | Reached skill level 1 in Translocations
  3239 | D:3      | Reached XP level 5. HP: 38/38 MP: 4/9
  4129 | D:4      | Noticed an ogre
  4171 | D:4      | Killed an ogre
  4172 | D:4      | Reached skill level 6 in Conjurations
  4172 | D:4      | Reached XP level 6. HP: 45/45 MP: 4/10
  4992 | D:5      | Entered Level 5 of the Dungeon
  5007 | D:5      | Noticed kingbonesx's ghost (amateur FeMo)
  5009 | D:5      | Found a runed translucent door.
  5101 | D:5      | Noticed Sigmund
  5134 | D:5      | Killed Sigmund
  5151 | D:4      | Your scales start taking on a pale cyan-grey colour.
  5151 | D:4      | Reached XP level 7. HP: 29/50 MP: 1/11
  5383 | D:5      | Reached skill level 7 in Conjurations
  5383 | D:5      | Reached skill level 1 in Fire Magic
  6040 | D:5      | You fall into a shaft and drop 1 floor!
  6053 | D:6      | Noticed Dowan
  6077 | D:6      | Killed Dowan
  6635 | D:6      | Reached skill level 5 in Translocations
  6635 | D:6      | Reached XP level 8. HP: 57/57 MP: 5/13
  6850 | D:6      | Found a faded altar of an unknown god.
  6853 | D:6      | Found a staircase to the Ecumenical Temple.
  6994 | Temple   | Entered the Ecumenical Temple
  7325 | Temple   | Became a worshipper of Ashenzari the Shackled
  7783 | D:6      | Noticed Duvessa
  7797 | D:6      | Slain by Duvessa

Illustrated notes

Levels and vault maps discovered:
D:1:      mrwooster_arrival_arrow, layout_loops_cross, minmay_parallelograms
D:2:      minmay_chambers_of_ones, layout_loops_corners
D:3:      layout_loops_ring, corexii_item_surrounded_by_moat, minmay_bisected
D:4:      layout_cave_pods
D:5:      layout_loops_ring, hellmonk_ghost_happy_afterlife,
          amcnicky_mini_corridor_feature, uniq_sigmund
D:6:      layout_basic, nicolae_temple_entry_ecumenical,
          ebering_ghost_reflecting_pool, uniq_duvessa
Temple:   nicolae_temple_the_god_donut

Skill      XL: |  1  2  3  4  5  6  7  8 |
---------------+-------------------------+-----
Spellcasting   | 3 4 |  4.2
Conjurations   | 5 6 7 |  7.6
Translocations | 1 2 4 5 |  5.3
Fire Magic     | 2 3 |  3.3
Dodging        | |  1.7
Stealth        | |  1.7

Action                   |  1- 3 |  4- 6 |  7- 9 || total
-------------------------+-------+-------+-------++-------
Melee: Unarmed           |     9 |       |       ||     9
       Tailslap          |     2 |     2 |     4 ||     8
       Whip              |     3 |    15 |    35 ||    53
Throw: Dart              |       |     3 |       ||     3
 Cast: Magic Dart        |    31 |    30 |     3 ||    64
       Searing Ray       |    10 |    45 |    30 ||    85
       Iskenderun's Myst |       |     1 |     4 ||     5
  Use: Scroll            |       |    11 |       ||    11
       Potion            |       |     6 |     5 ||    11
Armor: Skin              |     9 |    17 |    40 ||    66
Dodge: Dodged            |    13 |    18 |    40 ||    71
